 Dungeon Crawl Stone Soup version 0.30-a0-1075-gcd70e7a56d (webtiles) character file.

Game seed: 15525184549185190408

8 ryw the Trooper (level 2, 0/24 HPs)
             Began as a Mummy Fighter on Apr 15, 2023.
             Slain by a gnoll
             ... wielding a +0 spear
              (4 damage)
             ... on level 1 of the Dungeon.
             The game lasted 00:00:40 (191 turns).

ryw the Trooper (Mummy Fighter)                      Turns: 191, Time: 00:00:40

Health: 0/24       AC:  6    Str: 19    XL:     2   Next: 0%
Magic:  2/2        EV:  9    Int:  7    God:
Gold:   23         SH:  4    Dex: 11    Spells: 1/1 levels left

rFire   x . .      SeeInvis .    a - +0 flail
rCold   + . .      Faith    +    c - +0 buckler
rNeg    + + +      Spirit   .    b - +0 scale mail
rPois   ∞          Reflect  .    (no helmet)
rElec   .          Rampage  .    (no cloak)
rCorr   .                        (no gloves)
Will    .....                    (no boots) Stlth
                                 (no amulet)
HPRegen 0.24/turn                (no ring)
MPRegen 0.08/turn                (no ring)

@: no status effects
A: cold resistance 1, negative energy resistance 3, torment resistance 2, heat
vulnerability 1, no potions, faith
a: no special abilities


You were on level 1 of the Dungeon.
You visited 1 branch of the dungeon, and saw 1 of its levels.

You collected 23 gold pieces.

Inventory:

Hand Weapons
 a - a +0 flail (weapon)
Armour
 b - a +0 scale mail (worn)
 c - a +0 buckler (worn)
Scrolls
 e - 2 scrolls of identify {unknown}


   Skills:
 + Level 3.1 Fighting
 * Level 1.9 Maces & Flails
 + Level 2.5 Armour
 + Level 2.5 Shields


You had one spell level left.
You didn't know any spells.
Your spell library contained the following spells:

 Spells                   Type           Power      Damage    Failure   Level
 Chain Lightning          Conj/Air       0%         N/A       100%        9
 Fire Storm               Conj/Fire      0%         5d1       100%        9
 Shatter                  Erth           0%         3d5*      100%        9


Dungeon Overview and Level Annotations

Branches:
Dungeon (1/15)

Altars:


Innate Abilities, Weirdness & Mutations

You are immune to poison.
Your flesh is cold resistant. (rC+)
You are immune to negative energy. (rN+++)
You are immune to unholy pain and torment.
You are vulnerable to heat. (rF-)
You do not drink.
You have a special connection with the divine. (Faith)


Message History

You escape the ball python's grasp.
The ball python attacks as you move away!
You block the ball python's attack.
The ball python bites you but does no damage.
The ball python grabs you. The ball python constricts you.
You closely miss the ball python. You block the ball python's attack.
The ball python constricts you.
You hit the ball python.
You kill the ball python!
The goblin hits you but does no damage. The gnoll hits you but does no damage.
You barely miss the goblin. You block the goblin's attack.
The gnoll hits you but does no damage.
You barely miss the goblin. The goblin hits you but does no damage.
The gnoll barely misses you.
You barely miss the goblin. The goblin hits you but does no damage.
The gnoll hits you from afar with a +0 spear.
You block the goblin's attack.
The gnoll hits you from afar with a +0 spear.
You hit the goblin.
The goblin is moderately wounded.
The goblin barely misses you.
The gnoll hits you from afar with a +0 spear.
You sock the goblin!
You kill the goblin!
The gnoll hits you from afar with a +0 spear.
You have reached level 2!
You can't drink.
You block the gnoll's attack.
Things that are here:
a +0 dagger; 11 gold pieces You completely miss the gnoll.
You block the gnoll's attack. The gnoll hits you with a +0 spear.
* * * LOW HITPOINT WARNING * * *
You barely miss the gnoll. The gnoll closely misses you.
You hit the gnoll.
The gnoll is lightly wounded.
The gnoll closely misses you.
This is a scroll of acquirement!
Something appears at your feet! The gnoll hits you with a +0 spear.
You die...

##### #####...# ........###
.####.....# ########## ##
#...#.##############......... #
#####.......@g.....>.........
#######################..........
............# #######...........
######..########.......#.........
#..#######...################
###.#........#........#
###.....########........#
......###### ##........#
###........# ##.........#


You could see a gnoll.

Vanquished Creatures
  An endoplasm (D:1)
  A giant cockroach (D:1)
  A goblin (D:1)
  3 ball pythons (D:1)
  2 bats (D:1)
8 creatures vanquished.

Notes
Turn   | Place    | Note
-------+----------+-------------------------------------------
     0 | D:1      | ryw the Mummy Fighter began the quest for the Orb.
     0 | D:1      | Reached XP level 1. HP: 18/18 MP: 1/1
   187 | D:1      | Reached XP level 2. HP: 8/24 MP: 2/2
   191 | D:1      | Identified a scroll of acquirement
   191 | D:1      | Acquired a +1 broad axe of draining
   191 | D:1      | Slain by a gnoll

Illustrated notes

Levels and vault maps discovered:
D:1:      minmay_arrival_solitary_statue, layout_rooms

Action                     || total
---------------------------++-------
  Melee: Flail             ||    28
    Use: Scroll            ||     1
 Armour: Scale mail        ||    21
  Dodge: Dodged            ||    14
  Block: Buckler           ||     9

Table legend: (Time is in decaauts)
 A = Elapsed time spent in this place.
 B = Non-inter-level travel time spent in this place.
 C = Inter-level travel time spent in this place.
 D = Time resting spent in this place.
 E = Time spent auto-exploring this place.
 F = Levels seen in this place.
 G = Mean time per level.
                   A        B        C        D        E       F      G
               +--------+--------+--------+--------+--------+-----+--------+
         Total |    200 |    200 |      0 |      0 |    123 |   1 |  200.0 |
       Dungeon |    200 |    200 |      0 |      0 |    123 |   1 |  200.0 |
               +--------+--------+--------+--------+--------+-----+--------+

Top non-repeatable levels by time:
     D:1: 200 daAuts
